 Dungeon Crawl Stone Soup version 0.20.1-1-g8b1a95d (webtiles) character file.

47 digijack the Poker (level 3, 34/34 HPs)
             Began as a Minotaur Monk on Dec 19, 2017.
             Got out of the dungeon alive.
             The game lasted 00:08:20 (1800 turns).

digijack the Poker (Minotaur Monk)                  Turns: 1800, Time: 00:08:21

Health: 34/34      AC:  0    Str: 12 (15) XL:     3   Next: 48%
Magic:  2/2        EV: 13    Int:  5 (7)  God:
Gold:   71         SH:  0    Dex: 11 (13) Spells: 2/2 levels left

rFire    . . .     SeeInvis .   a - +0 spear
rCold    . . .     Gourm    .   (no shield)
rNeg     . . .     Faith    .   (no armour)
rPois    .         Spirit   .   (helmet restricted)
rElec    .         Reflect  .   (no cloak)
rCorr    .         Harm     .   (no gloves)
MR       .....                  (no boots)
Stlth    ++++......             (no amulet)
Regen    0.2/turn               d - ring of stealth
MPRegen  0.1/turn               e - ring of stealth

@: no status effects
A: retaliatory headbutt, horns 2
a: no special abilities


You escaped.
You were hungry.

You visited 1 branch of the dungeon, and saw 2 of its levels.

You collected 71 gold pieces.

Inventory:

Hand Weapons
 a - a +0 spear (weapon)
Armour
 b - a +1 robe
Jewellery
 d - a ring of stealth (left hand)
 e - a ring of stealth (right hand)
Scrolls
 j - a scroll of fear
 k - a scroll of teleportation
 o - a scroll of immolation {unknown}
Potions
 l - a potion of haste
 m - a potion of brilliance
Books
 n - Kikubaaqudgha's Papyrus of Necromancy
   (Kikubaaqudgha gifted it to you on level 2 of the Dungeon)

   Spells                             Type                      Level
   a - Pain                           Necromancy                   1
   b - Corpse Rot                     Necromancy                   2
   c - Sublimation of Blood           Necromancy                   2
   d - Regeneration                   Charms/Necromancy            3
   e - Control Undead                 Necromancy                   4
Comestibles
 c - 2 bread rations
 f - a royal jelly
 g - 2 chunks of flesh
 h - a meat ration
 i - 3 fruits


   Skills:
 + Level 4.3 Fighting
 + Level 4.5 Polearms
 + Level 3.7 Dodging
 - Level 1.5 Stealth


You had 2 spell levels left.
You didn't know any spells.

Dungeon Overview and Level Annotations

Branches:
Dungeon (2/15)

Altars:
Kikubaaqudgha


Innate Abilities, Weirdness & Mutations

You reflexively headbutt those who attack you in melee.
You have a pair of horns on your head.


Message History

Found a stone staircase leading up.
You see here a hobgoblin corpse.
You butcher the hobgoblin corpse.
g - 2 chunks of flesh (gained 1) Attack whom?
Press: ? - help, Dir - move target cursor, f - you That would be overly suicidal.
Okay, then.
o - a scroll labeled TIPUVE WIOHEOLAWN
There is a stone staircase leading up here.
You can't go down here!
You climb upwards.
There is a stone staircase leading down here.
Things that are here:
a stone; a whip You are feeling hungry.
There is a staircase leading out of the dungeon here.
You can't go down here!
Are you sure you want to leave the Dungeon?
This will make you lose the game!
You have escaped!

#.....#..##.####.## #.##..##..
#.....#..##.# #..# #'######..
####....(#####.#####.###.## #..
...#...........##.#.......# #..
.#.##..........##...####..#####..
.#)##...######.##.### ##....##..
.#.##...# #.#..######..###.#..
.#.##...# #.##..##....## #.#..
.#.##...# #.#@#....##.# #.#..
.#.##...# #.############ #####
.#.##...# #.# #.# # .#[##...#
##.##########.# # .#.######
#......#......# # .#.#
#..###.#.####.# # .#.# #..# #.#.#
#.# # .#.##########..# #.#.#
#.####### .#.............#
#.#.####........


There were no monsters in sight!

Vanquished Creatures
  An adder (D:2)
  2 oozes
  A worm (D:2)
  A dart slug (D:1)
  A giant cockroach (D:2)
  2 goblins (D:1)
  5 hobgoblins
  3 bats (D:1)
  A frilled lizard (D:1)
  5 kobolds
  4 rats
26 creatures vanquished.

Notes
Turn   | Place    | Note
-------+----------+-------------------------------------------
     0 | D:1      | digijack the Minotaur Monk began the quest for the Orb.
     0 | D:1      | Reached XP level 1. HP: 19/19 MP: 0/0
   439 | D:1      | Reached XP level 2. HP: 27/27 MP: 1/1
  1121 | D:2      | Reached XP level 3. HP: 33/33 MP: 2/2
  1600 | D:2      | Found a faded altar of an unknown god.
  1623 | D:2      | Became a worshipper of Kikubaaqudgha
  1623 | D:2      | Reached * piety under Kikubaaqudgha
  1623 | D:2      | Identified Kikubaaqudgha's Papyrus of Necromancy (Kikubaaqudgha gifted it to you on level 2 of the Dungeon)
  1623 | D:2      | Received a gift from Kikubaaqudgha
  1623 | D:2      | Reached ** piety under Kikubaaqudgha
  1638 | D:2      | Fell from the grace of Kikubaaqudgha
  1800 | D:$      | Got out of the dungeon alive.

Skill      XL: |  1  2 |
---------------+-------+-----
Polearms       | 4 |  4.5
Fighting       | 4 |  4.3
Dodging        | |  3.7
Stealth        | |  1.5

Action                   || total
-------------------------++-------
Melee: Spear             ||    71
       Headbutt          ||     6
Invok: Renounce Religion ||     1
  Use: Scroll            ||     6
       Potion            ||     3
 Stab: Sleeping          ||    14
  Eat: Chunk             ||     2
Armor: Robe              ||     4
Dodge: Dodged            ||    23
